 Dungeon Crawl Stone Soup version 0.30-a0-989-g0d87f670db (webtiles) character file.

Game seed: 5278669587589585548

7673 Newt the Basher (level 10, -4/80 HPs)
             Began as a Demonspawn Gladiator on Apr 3, 2023.
             Was an Elder of Makhleb.
             Slain by an orc warrior
             ... wielding a +0 war axe
              (16 damage)
             ... in a bailey.
             The game lasted 00:10:54 (9863 turns).

Newt the Basher (Demonspawn Gladiator)              Turns: 9863, Time: 00:10:54

Health: -4/80      AC:  4    Str: 19    XL:     10   Next: 99%
Magic:  10/10      EV: 13    Int: 10    God:    Makhleb [****..]
Gold:   422        SH:  5    Dex: 14    Spells: 9/9 levels left

rFire   + + .      SeeInvis .    K - +4 dire flail (heavy)
rCold   . . .      Faith    .    (shield currently unavailable)
rNeg    + + +      Spirit   .    h - +1 leather armour {rF+}
rPois   +          Reflect  +    (helmet restricted)
rElec   .          Rampage  .    (no cloak)
rCorr   +                        (no gloves)
Will    .....                    (no boots)
Stlth   +                        E - amulet of reflection
HPRegen 0.33/turn                k - ring of the Solstice {rPois rF+ rN+++ Will- rCorr}
MPRegen 0.12/turn                r - ring of positive energy

@: mighty
A: hooves 2, horns 2, ignite blood 1, demonic magic 1, demonic touch 2
a: Renounce Religion, Minor Destruction, Lesser Servant of Makhleb, Major
Destruction


You were in a bailey.
You worshipped Makhleb.
Makhleb was greatly pleased with you.
You visited 1 branch of the dungeon, and saw 9 of its levels.
You also visited: Bailey.

You collected 422 gold pieces.

Inventory:

Hand Weapons
 a - a +0 vampiric rapier
 m - a +1 dagger of electrocution
 t - a +0 whip of venom
 H - a +1 whip of electrocution
 K - a +4 heavy dire flail (weapon)
Missiles
 d - a throwing net
 n - 94 stones
 u - 3 javelins
 w - 6 boomerangs (quivered)
 y - 24 poisoned darts
 L - a curare-tipped dart
Armour
 b - a +0 leather armour
 c - a +0 helmet
 h - a +1 leather armour of fire resistance (worn)
 A - the +1 robe of Piojip {Harm Str-2 Int+4 Stlth+}
   (You found it on level 6 of the Dungeon)

   Str:       It affects your strength (-2).
   Int:       It affects your intelligence (+4).
   Harm:      It increases damage dealt and taken.
   Stlth:     It makes you more stealthy.
Jewellery
 k - the ring of the Solstice (left hand) {rPois rF+ rN+++ Will- rCorr}
   (You acquired it on level 2 of the Dungeon)

   [ring of protection from fire]

   rF:        It protects you from fire.
   rPois:     It protects you from poison.
   rN:        It renders you almost immune to negative energy.
   rCorr:     It protects you from acid and corrosion.
   Will:      It decreases your willpower.
 p - an amulet of guardian spirit
 r - a ring of positive energy (right hand)
 E - an amulet of reflection (around neck)
 G - a ring of wizardry
Wands
 B - a wand of flame (12)
 D - a wand of iceblast (4)
 I - a wand of quicksilver (8)
Scrolls
 f - a scroll of magic mapping
 g - a scroll of vulnerability
 i - 3 scrolls of amnesia
 l - 2 scrolls of teleportation
 o - a scroll of immolation
 v - a scroll of brand weapon
 x - a scroll of poison
 J - a scroll of enchant armour
Potions
 e - a potion of might
 j - 3 potions of curing
 q - 2 potions of degeneration
 z - 2 potions of lignification {unknown}
 C - a potion of attraction


   Skills:
 - Level 8.0 Fighting
 - Level 4.0 Short Blades
 + Level 10.3 Maces & Flails
 - Level 5.0 Throwing
 - Level 6.0 Armour
 - Level 5.0 Dodging


You had 9 spell levels left.
You didn't know any spells.
Your spell library contained the following spells:

 Spells                   Type           Power      Damage    Failure   Level
 Foxfire                  Conj/Fire      0%         2x1d2     41%         1
 Freeze                   Ice            0%         1d3       41%         1
 Sandblast                Erth           0%         2d4       41%         1
 Sting                    Tmut/Pois      0%         1d3       41%         1
 Cigotuvi's Dreadful Rot  Necr/Pois/Air  0%         N/A       54%         2
 Ensorcelled Hibernation  Hex/Ice        0%         N/A       54%         2
 Passwall                 Tmut/Erth      0%         N/A       54%         2
 Poisonous Vapours        Pois/Air       0%         N/A       54%         2
 Dazzling Flash           Conj/Hex       0%         N/A       78%         3
 Hailstorm                Conj/Ice       0%         3d3       78%         3
 Ozocubu's Armour         Ice            0%         N/A       78%         3
 Swiftness                Air            0%         N/A       78%         3
 Dispel Undead            Necr           0%         3d6       99%         4
 Iskenderun's Mystic Bla  Conj/Tloc      0%         2d3       99%         4
 Olgreb's Toxic Radiance  Pois           0%         N/A       99%         4
 Arcjolt                  Conj/Air       0%         1d10      100%        5
 Freezing Cloud           Conj/Ice/Air   0%         6-21      100%        5
 Irradiate                Conj/Tmut      0%         3d11      100%        5
 Plasma Beam              Fire/Air       0%         2x1d7     100%        5
 Death Channel            Necr           0%         N/A       100%        6
 Simulacrum               Ice/Necr       0%         N/A       100%        6
 Starburst                Conj/Fire      0%         6d3       100%        6
 Ozocubu's Refrigeration  Ice            0%         4d7       100%        7
 Polar Vortex             Ice            0%         N/A       100%        9


Dungeon Overview and Level Annotations

Branches:
Dungeon (9/15)               Lair (0/5) D:9             Orc (0/2) D:9
 Bailey (1/1)
 Temple: D:4-7

Altars:
Ashenzari
Makhleb
Xom

Annotations:
D:7 Dowan, Duvessa


Innate Abilities, Weirdness & Mutations

You have hoof-like feet.
You have a pair of horns on your head.
Your demonic aura sometimes causes spilled blood to erupt in flames.
Spells you cast may paralyse adjacent enemies.
Your touch may inflict irresistible damage on your foes.


Message History

The ufetubus hits you but does no damage.
The orc warrior closely misses you.
The orc priest begins to cast a cantrip, but forgets the words!
The orc closely misses you. The ufetubus barely misses you. x2
The ufetubus hits you but does no damage.
The ufetubus completely misses you.
Things that are here:
a +0 hand axe; a +0 ring mail Unknown command.
You completely miss the ufetubus. The ufetubus barely misses you.
You block the ufetubus's attack. The ufetubus hits you.
* * * LOW HITPOINT WARNING * * *
The ufetubus hits you.
* * * LOW HITPOINT WARNING * * *
Unknown command.
You sock the orc!
You kill the orc!
The orc's corpse dissolves into shadows!
The ufetubus closely misses you. The ufetubus barely misses you.
The ufetubus completely misses you.
The ufetubus hits you but does no damage.
The orc warrior barely misses you.
The orc warrior hits you with a +0 war axe!
* * * LOW HITPOINT WARNING * * *
Unknown command.
You feel much better. The ufetubus barely misses you.
You block the ufetubus's attack.
The orc priest mumbles some strange prayers to Beogh against you.
Beogh smites you!
* * * LOW HITPOINT WARNING * * *
The ufetubus hits you.
* * * LOW HITPOINT WARNING * * *
The ufetubus closely misses you. The orc warrior closely misses you.
A demon appears!
The ufetubus hits you but does no damage.
The ufetubus misses you.
The kobold demonologist mumbles some strange words.
The orc warrior hits you with a +0 war axe!
You die...

#≈≈≈≈≈#....#....)).8.8.8.# #≈
#≈≈≈≈≈#.##############...######≈
#≈≈≈≈≈~.#))'.# ....#.))...#.~≈
#≈≈≈≈≈~.#))# .55.#..)...#.~≈
#≈≈≈≈≈~.#o.# ..5.#####''#.~≈
#≈≈≈≈≈~.#########Ko..##....)#.~≈
#≈≈≈≈≈~.#..8.8..#5o..##....)'...
#≈≈≈≈≈~∩.......5oooo.##..⌠.)'...
#≈≈≈≈≈~.#..8.84@#o4o.##.....'...
#≈≈≈≈≈~.#########ooo.##.....#.~≈
#≈≈≈≈≈~.# o.o.#####++#.~≈
#≈≈≈≈≈~.# oo..# #.~≈ #≈≈≈≈≈~.#
o...# #.~≈ #≈≈≈≈≈#.# ##### ###≈
≈≈≈≈≈#. #≈ #≈ #≈


You could see a kobold demonologist, an orc warrior, an iron imp (summoned), an
orc wizard (summoned), 2 quasits, a white imp (summoned), 4 orcs, an ufetubus
(summoned, expiring, ally target) and a friendly orange demon (summoned).

Vanquished Creatures
  A two-headed ogre (D:8)
  An oklob plant (D:6)
  A kobold demonologist (Bailey)
  A wyvern (D:9)
  Eustachio (D:6)
  7 yaks
  2 steam dragons (D:8)
  2 water moccasins (D:9)
  5 black bears
  A sky beast (D:6)
  10 orc warriors
  2 ice beasts
  2 ogres
  2 kobold brigands (D:8)
  A gnoll sergeant (D:6)
  3 bullfrogs (D:9)
  A scorpion (D:4)
  8 wights
  2 electric eels (Bailey)
  4 howler monkeys (D:8)
  11 jellies
  2 gnoll boudas
  3 hounds (D:6)
  7 orc priests
  Jessica (D:2)
  3 iguanas
  2 sleepcaps
  12 orc wizards
  14 gnolls
  6 adders
  3 worms
  2 dart slugs
  59 orcs
  17 endoplasms
  3 giant cockroaches
  10 goblins
  5 hobgoblins
  11 kobolds
  5 quokkas
  9 ball pythons
  3 bats
  3 frilled lizards
  6 rats
254 creatures vanquished.

Vanquished Creatures (collateral kills)
  A water moccasin (D:9)
  An orc warrior (D:9)
  A bullfrog (D:9)
  An orc wizard (D:9)
  3 orcs
  A ball python (D:4)
  3 goblins
11 creatures vanquished.

Vanquished Creatures (others)
  An orc wizard (D:3)
  2 kobolds (D:8)
  17 fungi
  11 plants (D:9)
31 creatures vanquished.

Grand Total: 296 creatures vanquished

Notes
Turn   | Place    | Note
-------+----------+-------------------------------------------
     0 | D:1      | Newt the Demonspawn Gladiator began the quest for the Orb.
     0 | D:1      | Reached XP level 1. HP: 16/16 MP: 1/1
   165 | D:1      | You fall into a shaft and drop 1 floor!
   179 | D:2      | Discovered your monstrous ancestry.
   179 | D:2      | Gained mutation: You have a pair of small horns on your
                  | head. [demonic ancestry]
   179 | D:2      | Reached XP level 2. HP: 23/24 MP: 2/2
   327 | D:2      | Got Magic, Part One
   336 | D:2      | Gained mutation: Your touch may inflict minor irresistible
                  | damage on your foes. [demonic ancestry]
   336 | D:2      | Reached XP level 3. HP: 28/29 MP: 3/3
   374 | D:2      | Noticed Jessica
  1062 | D:2      | Identified a scroll of acquirement
  1062 | D:2      | Acquired the ring of the Solstice {rPois rF+ rN+++ Will-
                  | rCorr}
  1072 | D:2      | Killed Jessica
  1073 | D:2      | Gained mutation: You have large cloven feet. [demonic
                  | ancestry]
  1073 | D:2      | Reached XP level 4. HP: 36/37 MP: 4/4
  1727 | D:3      | Reached XP level 5. HP: 42/42 MP: 5/5
  2478 | D:4      | Gained mutation: Your touch may inflict irresistible damage
                  | on your foes. [demonic ancestry]
  2478 | D:4      | Reached XP level 6. HP: 39/48 MP: 6/6
  2605 | D:4      | HP: 2/48 [goblin/+0 club (3)]
  2611 | D:4      | Reached skill level 5 in Dodging
  2916 | D:3      | Reached skill level 1 in Maces & Flails
  2928 | D:4      | Reached skill level 2 in Maces & Flails
  3071 | D:4      | Reached skill level 3 in Maces & Flails
  3071 | D:4      | Gained mutation: You have a pair of horns on your head.
                  | [demonic ancestry]
  3071 | D:4      | Reached XP level 7. HP: 26/54 MP: 3/7
  3370 | D:4      | Reached skill level 4 in Maces & Flails
  3644 | D:4      | Found a burning altar of Makhleb.
  3749 | D:4      | Reached skill level 5 in Maces & Flails
  3913 | D:4      | Became a worshipper of Makhleb the Destroyer
  3931 | D:5      | Entered Level 5 of the Dungeon
  4069 | D:5      | Gained mutation: Your demonic aura sometimes causes spilled
                  | blood to erupt in flames. [demonic ancestry]
  4069 | D:5      | Reached XP level 8. HP: 23/60 MP: 3/8
  4209 | D:5      | Got Sif Muna's Anthology of Brilliant Pyromancy
  4295 | D:5      | Reached skill level 6 in Maces & Flails
  4587 | D:6      | Identified the +1 robe of Piojip {Harm Str-2 Int+4 Stlth+}
  5016 | D:6      | Noticed Eustachio
  5040 | D:6      | Killed Eustachio
  5082 | D:6      | Noticed an oklob plant
  5097 | D:6      | Reached skill level 5 in Throwing
  5117 | D:6      | Reached * piety under Makhleb
  5366 | D:6      | Killed an oklob plant
  5367 | D:6      | Reached skill level 7 in Maces & Flails
  5367 | D:6      | Gained mutation: Spells you cast may paralyse adjacent
                  | enemies. [demonic ancestry]
  5367 | D:6      | Reached XP level 9. HP: 47/65 MP: 5/9
  5603 | D:6      | Reached skill level 8 in Maces & Flails
  6384 | D:7      | Noticed Duvessa
  6388 | D:7      | Noticed Dowan
  6415 | D:8      | Reached ** piety under Makhleb
  6632 | D:8      | Reached skill level 9 in Maces & Flails
  6632 | D:8      | Reached skill level 1 in Armour
  6842 | D:8      | Found a broken altar of Ashenzari.
  6884 | D:8      | Found a shimmering altar of Xom.
  7243 | D:8      | Noticed a two-headed ogre
  7259 | D:8      | Killed a two-headed ogre
  7260 | D:8      | Reached skill level 5 in Armour
  7260 | D:8      | Gained mutation: You have hoof-like feet. [demonic
                  | ancestry]
  7260 | D:8      | Reached XP level 10. HP: 15/71 MP: 10/10
  7475 | D:8      | Reached skill level 5 in Fighting
  7976 | D:8      | Reached *** piety under Makhleb
  8655 | D:9      | Found a staircase to the Lair.
  8668 | D:9      | HP: 2/77 [water moccasin (6)]
  8698 | D:9      | Found a flagged portal.
  8738 | D:9      | Reached **** piety under Makhleb
  8760 | Bailey   | Entered a bailey
  9385 | Bailey   | Reached skill level 10 in Maces & Flails
  9845 | Bailey   | Found an iron altar of Okawaru.
  9850 | Bailey   | Noticed a sixfirhy
  9861 | Bailey   | HP: 3/80 [orc warrior/+0 war axe (10)]
  9863 | Bailey   | Slain by an orc warrior

Illustrated notes

Levels and vault maps discovered:
D:1:      dpeg_arrival_line_fractal, layout_basic, st_stairs_1
D:2:      layout_rooms, uniq_jessica
D:3:      cheibrodos_pilgrimage, layout_loops_cross, kennysheep_nub
D:4:      layout_gridville, old_standard_altar
D:5:      layout_basic
D:6:      lemuel_slime, layout_loops_ring, minmay_misc_feat_more_columns,
          grunt_ministairs_3, chequers_serial_rivers_small_a,
          kennysheep_small_circle, uniq_eustachio
D:7:      layout_layer_cave, grunt_temple_overflow_cloverleaf, temple_green,
          uniq_duvessa
D:8:      layout_gridville, chequers_temple_overflow_statue_of_worship
D:9:      layout_stronghold, kiku_gazebo_pond_becter,
          due_lair_maze_entry_diamond, hiddenorc2_lemuel, enter_bailey_5
Bailey:   bailey_axe_of_yendor_kennysheep, bailey

Skill      XL: |  1  2  3  4  5  6  7  8  9 10 |
---------------+-------------------------------+-----
Fighting       | 3 4 8 |  8.0
Short Blades   | 3 4 |  4.0
Dodging        | 3 4 5 |  5.0
Maces & Flails | 3 5 7 9 10 | 10.3
Throwing       | 5 |  5.0
Armour         | 5 6 |  6.0

Action                     |  1- 3 |  4- 6 |  7- 9 | 10-12 || total
---------------------------+-------+-------+-------+-------++-------
  Melee: Rapier            |    72 |       |       |       ||    72
         Headbutt          |    12 |    22 |    63 |    32 ||   129
         Touch             |     5 |    15 |    62 |    13 ||    95
         Dagger            |       |    81 |       |       ||    81
         Kick              |       |    21 |   100 |    43 ||   164
         Punch             |       |     2 |     5 |       ||     7
         Whip              |       |    16 |   294 |    59 ||   369
         Dire flail        |       |       |       |    91 ||    91
  Throw: Javelin           |       |     4 |       |     2 ||     6
         Throwing net      |       |     1 |       |     1 ||     2
         Boomerang         |       |       |     2 |       ||     2
 Invoke: Lesser Servant of |       |       |       |     1 ||     1
  Evoke: Wand              |       |       |       |     2 ||     2
    Use: Scroll            |     6 |     5 |     3 |     4 ||    18
         Potion            |       |     3 |       |     4 ||     7
   Stab: Sleeping          |     1 |       |       |       ||     1
         Held in net/web   |       |     1 |       |     1 ||     2
 Armour: Leather armour    |    14 |    23 |    47 |    24 ||   108
  Dodge: Dodged            |    42 |    77 |   135 |   118 ||   372
  Block: Other             |       |       |    20 |    40 ||    60

Table legend: (Time is in decaauts)
 A = Elapsed time spent in this place.
 B = Non-inter-level travel time spent in this place.
 C = Inter-level travel time spent in this place.
 D = Time resting spent in this place.
 E = Time spent auto-exploring this place.
 F = Levels seen in this place.
 G = Mean time per level.
                   A        B        C        D        E       F      G
               +--------+--------+--------+--------+--------+-----+--------+
         Total |   9788 |   9408 |    380 |   3309 |   4688 |  10 |  978.8 |
       Dungeon |   8675 |   8295 |    380 |   2423 |   4572 |   9 |  963.9 |
        Bailey |   1112 |   1112 |      0 |    886 |    116 |   1 | 1112.0 |
               +--------+--------+--------+--------+--------+-----+--------+

Top non-repeatable levels by time:
     D:8: 2090 daAuts
     D:6: 1745 daAuts
     D:3: 1426 daAuts
  Bailey: 1112 daAuts
     D:4: 1092 daAuts
     D:1: 900 daAuts
     D:5: 644 daAuts
     D:2: 502 daAuts
     D:9: 234 daAuts
     D:7: 37 daAuts
